 Dungeon Sprint DCSS version 0.22-a0-274-gf8199ec (webtiles) character file.

60 Kidiri the Sneak (level 3, -1/18 HPs)
             Began as a Spriggan Enchanter on Mar 13, 2018.
             Splashed by an oklob sapling's acid (10 damage)
             ... in the Dungeon (Sprint IV: "Fedhas' Mad Dash").
             The game lasted 00:00:39 (110 turns).

Kidiri the Sneak (Spriggan Enchanter)                Turns: 110, Time: 00:00:40

Health: -1/18      AC: -1    Str:  4    XL:     3   Next: 82%
Magic:  10/10      EV: 21    Int: 16    God:
Gold:   51         SH:  0    Dex: 17    Spells: 2/11 levels left

rFire    . . .     SeeInvis +   a - +1 dagger
rCold    . . .     Gourm    .   (shield restricted)
rNeg     . . .     Faith    .   b - +0 robe
rPois    .         Spirit   .   (helmet restricted)
rElec    .         Reflect  .   (no cloak)
rCorr    .         Harm     .   (gloves unavailable)
MR       .....     NoTele   +   (boots unavailable)
Stlth    ++++......             c - amulet of invisibility {+Inv}
HPRegen  0.06/turn              (no ring)
MPRegen  0.12/turn              (no ring)

@: corroded, very quick
A: very small, unfitting armour, see invisible, herbivore, speed 3, slow
metabolism 2
a: Evoke Invisibility


You were in the Dungeon.
You were not hungry.

You visited 1 branch You collected 51 gold pieces.

Inventory:

Hand Weapons
 a - a +1 dagger (weapon)
Armour
 b - a +0 robe (worn)
Jewellery
 c - the amulet of invisibility (around neck) {+Inv}
   (You found it in the Dungeon)

   [amulet of nothing]

   It lets you turn invisible.
Scrolls
 j - a scroll of blinking
Potions
 e - a potion of curing
 f - a potion of heal wounds
 g - a potion of haste
 h - 2 potions of magic
 i - a potion of berserk rage
 k - a potion of agility {unknown}
Comestibles
 d - a ration


   Skills:
 + Level 1.4 Fighting
 * Level 3.4 Short Blades
 + Level 1.3 Armour
 * Level 5.4 Dodging
 * Level 6.6 Stealth
 * Level 4.7 Spellcasting
 + Level 4.4 Hexes
 + Level 0.0 Evocations


You had 2 spell levels left.
You knew the following spells:

 Your Spells              Type           Power        Failure   Level  Hunger
a - Corona                Hex            ###....      2%          1    None
b - Ensorcelled Hibernat  Hex/Ice        ##....       10%         2    ##.....
c - Confuse               Hex            ###.....     8%          3    ###....
d - Tukima's Dance        Hex            ###.....     8%          3    ###....


Dungeon Overview and Level Annotations

Branches:
Dungeon (1/1)

Altars:

Annotations:
D exclusion: oklob sapling


Innate Abilities, Weirdness & Mutations

You are very small and have problems with some larger weapons.
You are too small for most types of armour.
You have supernaturally acute eyesight. (SInv)
You are a herbivore.
You cover ground extremely quickly.
You need to consume almost no food.


Message History

You now have 17 gold pieces (gained 8).
You now have 28 gold pieces (gained 11).
You now have 40 gold pieces (gained 12).
You now have 51 gold pieces (gained 11).
k - a green potion Put on which piece of jewellery? (? for menu, Esc to quit)
c - the amulet of invisibility (around neck) {+Inv} Unknown command.
Unknown command.
Okay, then.
Unknown command.
You open the door.
Marking area around the oklob sapling as unsafe for travelling.
An oklob sapling comes into view.
The oklob sapling spits acid at you. The splash of acid hits you!
Ouch! That really hurt!
The acid corrodes you!
You are splashed with acid!
The acid burns!
Ouch! That really hurt!
You die...

##################
#<..P#.....#.....#
#PP..'.....'.#(..+
#PPPP#...†.#.#..@#
###############'##
+.. #$P ###


You could see an oklob sapling.

Vanquished Creatures
  An oklob sapling (D)
  A worker ant (D)
  A river rat (D)
  A rat (D)
4 creatures vanquished.

Notes
Turn   | Place    | Note
-------+----------+-------------------------------------------
     0 | D        | Kidiri the Spriggan Enchanter began the quest for the Orb.
     0 | D        | Reached XP level 1. HP: 9/9 MP: 5/5
     9 | D        | Reached skill level 5 in Stealth
     9 | D        | Reached XP level 2. HP: 14/14 MP: 7/7
    57 | D        | Learned a level 2 spell: Ensorcelled Hibernation
    68 | D        | Noticed an oklob sapling
    69 | D        | Killed an oklob sapling
    69 | D        | Reached skill level 1 in Fighting
    69 | D        | Reached skill level 1 in Armour
    69 | D        | Reached skill level 6 in Stealth
    69 | D        | Reached XP level 3. HP: 18/18 MP: 7/9
    74 | D        | Learned a level 3 spell: Confuse
    78 | D        | Learned a level 3 spell: Tukima's Dance
    90 | D        | Found the amulet of invisibility {+Inv}
    91 | D        | Reached skill level 5 in Dodging
   110 | D        | Noticed an oklob sapling
   110 | D        | Splashed by an oklob sapling's acid

Vault maps used:
D:        dungeon_sprint_fedhas

Skill      XL: |  1  2  3 |
---------------+----------+-----
Short Blades   | 2 3 |  3.4
Stealth        | 5 6 |  6.6
Spellcasting   | 3 4 |  4.7
Fighting       | 1 |  1.4
Armour         | 1 |  1.3
Dodging        | 4 5 |  5.4
Hexes          | 4 |  4.4

Action                   || total
-------------------------++-------
Melee: Dagger            ||     4
 Stab: Sleeping          ||     3

Table legend:
 A = Spawn XP
 B = Non-spawn XP
 C = Spawn XP percentage of total XP
 D = Spawn monster count
 E = Non-spawn monster count
 F = Spawn count percentage of total count
 G = Total turns spent on level
                    A         B        C        D         E        F      G
               +---------+---------+-------+---------+---------+-------+---------
         Total |       0 |      87 |   0.0 |       0 |       4 |   0.0 |   110
               +---------+---------+-------+---------+---------+-------+---------
             D |       0 |      87 |   0.0 |       0 |       4 |   0.0 |   110
               +---------+---------+-------+---------+---------+-------+---------
